Frizzbo, neutral female gnomish Wizard ----- -------#########....| ##-.....-# |...| # |.....|#########-...| ### |.....-# ---.- #####-.....|# ## --.--------### -------# # ..........|############## ### |.........|# # # |..........# # ## |........<|# # ------.---- -----------# # |.........| `##################### ##..........| | # |.........| ..... ### |......#..| |.>...... f ----------- |..........-:G ----------- Frizzbo the Evoker Experience level: 2 Strength: 12 Dexterity: 12 Constitution: 13 Intelligence: 19 Wisdom: 9 Charisma: 11 Health: 0(19) Energy: 4(14) Def: 4 Gold: 145 Moves: 1259 Dungeon seed: oQUlnxaJx0F1xT6z Game ID: Frizzbo_1466700499 Your Inventory: Coins $ - 145 gold pieces Weapons a - a blessed +1 quarterstaff (alternate weapon; not wielded) r - an uncursed +0 orcish dagger (weapon in hand) Armor e - an uncursed +1 cloak of magic resistance (being worn) n - an uncursed +0 pair of jumping boots (being worn) y - an uncursed +0 orcish helm (being worn) Comestibles u - an uncursed food ration B - an uncursed egg Scrolls i - an uncursed scroll of teleportation j - an uncursed scroll of charging o - 2 uncursed scrolls of destroy armor s - an uncursed scroll of amnesia v - an uncursed scroll of scare monster Spellbooks l - a blessed spellbook of force bolt m - an uncursed spellbook of light x - an uncursed spellbook of fireball Potions g - an uncursed potion of speed h - an uncursed potion of levitation p - a potion of unholy water z - an uncursed potion of gain level Rings c - an uncursed ring of shock resistance d - an uncursed ring of polymorph control q - an uncursed ring of shock resistance Wands b - an uncursed wand of enlightenment (0:12) A - an uncursed wand of sleep (0:8) Tools w - an uncursed tin whistle Spells and supernatural/magical abilities: Name Level Category Fail Memory a - force bolt 1 attack 0% 94% l - light 1 divination 0% 94% W - pray for help -- divine ? -- Y - supernatural jump -- ability ? -- Your skills at the end: Fighting Skills Weapon Skills quarterstaff [Basic] Spellcasting Skills attack spells [Basic] enchantment spells [Basic] Final Attributes: You were stridently aligned. You were magic-protected. You had infravision. You could jump. You are dead. Vanquished creatures: 3 giant rats 3 jackals 2 foxes a goblin 4 sewer rats 2 lichens a kobold zombie 6 newts 22 creatures vanquished. Voluntary challenges: You were an atheist. You used a wielded weapon 21 times, starting on turn 175. You read items or engraved 1 time, starting on turn 2. You never genocided any monsters. You never polymorphed an object. You never changed form. You used no wishes. You never split a pudding. You never wrote Elbereth's name. You never violated your personal moral code. Dungeon overview: The Dungeons of Doom: levels 1 to 3 Level 1 a long staircase Level 2 a fountain Level 3 <- You were here a sink History has recorded: On T:1 you entered the Dungeons of Doom to retrieve the Amulet of Yendor! On T:592 you reached level 2 of The Dungeons of Doom. On T:791 you advanced to experience level 2. On T:1020 you reached level 3 of The Dungeons of Doom. Score breakdown: Gold: 145 ( 7362 points) Experience: 2 levels ( 5570 points) Exploration: 3 levels ( 6.38%) ( 6255 points) Discoveries: 2 items ( 0.70%) ( 2504 points) Valuables value: (no points given unless you survive) Artifact value: 0 ( 0 points) Variety of kills: 8 monsters ( 2.10%) ( 4347 points) Turncount: 1259 turns ( 0 points) Survival: died (score multiplied by 80%) Total score: 20830 Latest messages: The fox bites! You miss the fox. The fox bites! You miss the fox. The fox bites! You hit the fox. The fox bites! The spell hits the fox. You kill the fox! You see here a fox corpse. This fox corpse tastes terrible! You finish eating the fox corpse. You miss the gecko. You don't have enough energy to cast that spell. You miss the gecko. The gecko bites! You hit the gecko. Taco misses the gecko. (2x) You hit the gecko. The gecko bites! You die... Final status: Goodbye Frizzbo the Wizard, killed by a gecko... You died in The Dungeons of Doom on dungeon level 3 with 20830 points, and 145 pieces of gold, after 1259 moves. You were level 2 with a maximum of 19 hit points when you died.